 Dungeon Crawl Stone Soup version 0.22-a0-782-g038298e (webtiles) character file.

896 Hebeh the Thaumaturge (level 7, -3/36 HPs)
             Began as a Deep Elf Conjurer on July 20, 2018.
             Slain by Duvessa
             ... wielding a +0 short sword
              (10 damage)
             ... on level 4 of the Dungeon.
             The game lasted 00:18:26 (5093 turns).

Hebeh the Thaumaturge (Deep Elf Conjurer)           Turns: 5093, Time: 00:18:27

Health: -3/36      AC:  3    Str:  5    XL:     7   Next: 79%
Magic:  1/21       EV: 13    Int: 22    God:
Gold:   93         SH:  0    Dex: 18    Spells: 12/23 levels left

rFire    . . .     SeeInvis .   q - +12 mace of Change {crush, Dex+3}
rCold    . . .     Gourm    .   (no shield)
rNeg     . . .     Faith    .   a - +1 robe
rPois    .         Spirit   .   (no helmet)
rElec    .         Reflect  .   (no cloak)
rCorr    .         Harm     .   (no gloves)
MR       .....                  (no boots)
Stlth    ++........             (no amulet)
HPRegen  0.12/turn              (no ring)
MPRegen  0.17/turn              (no ring)

@: no status effects
A: no striking features
a: no special abilities


You were on level 4 of the Dungeon.
You were not hungry.

You visited 1 branch of the dungeon, and saw 4 of its levels.

You collected 93 gold pieces.

Inventory:

Hand Weapons
 h - a +0 dagger of draining
 m - a +1 short sword of draining
 q - the +12 mace of Change (weapon) {crush, Dex+3}
   (You took it off an orc wizard on level 4 of the Dungeon)

   It inflicts extra damage upon your enemies.
   It affects your dexterity (+3).
Missiles
 f - 59 arrows
Armour
 a - a +1 robe (worn)
Magical Staves
 l - an uncursed staff of poison
Scrolls
 d - a scroll of enchant armour
 e - a scroll of fear
 g - a scroll of remove curse
 i - a scroll of identify
 n - a scroll of enchant weapon
 p - a scroll of blinking {unknown}
Potions
 b - a potion of might {unknown}
 k - 2 potions of berserk rage
 o - a potion of haste {unknown}
Comestibles
 c - 7 rations
 j - 2 chunks of flesh


   Skills:
 - Level 2.4 Dodging
 - Level 2.4 Stealth
 + Level 8.8 Spellcasting
 + Level 8.2 Conjurations


You had 12 spell levels left.
You knew the following spells:

 Your Spells              Type           Power        Failure   Level  Hunger
a - Magic Dart            Conj           ####         1%          1    None
b - Iskenderun's Mystic   Conj           #####...     2%          4    ##.....
c - Searing Ray           Conj           #####.       1%          2    None
d - Force Lance           Conj/Tloc      ####....     13%         4    ##.....

Your spell library contained the following spells:

 Spells                   Type           Power        Failure   Level  Hunger
 Fulminant Prism          Conj/Hex       ####......   13%         4    ##.....
 Dazzling Spray           Conj/Hex       ####..       3%          3    None


Dungeon Overview and Level Annotations

Branches:
Dungeon (4/15)
 Temple: D:4-7

Altars:

Annotations:
D:4 Duvessa


Message History

The orb of energy hits Duvessa.
Duvessa is heavily wounded.
The orb of energy explodes!
Duvessa completely misses you.
Casting: Iskenderun's Mystic Blast (safe; 2% risk of failure)
Confirm with . or Enter, or press ? or * to list all spells.
You don't have enough magic to cast that spell.
Casting: Iskenderun's Mystic Blast (safe; 2% risk of failure)
Confirm with . or Enter, or press ? or * to list all spells.
You don't have enough magic to cast that spell.
Casting: Iskenderun's Mystic Blast (safe; 2% risk of failure)
Confirm with . or Enter, or press ? or * to list all spells.
Aiming: Magic Dart (safe; 1% risk of failure)
Press: ? - help, Shift-Dir - straight line, f/p - Duvessa
Aim: Duvessa, wielding a short sword and wearing a ring mail (heavily wounded, berserk, fast, unusually strong)
The magic dart hits Duvessa.
Duvessa is heavily wounded.
Duvessa hits you with a short sword!
* * * LOW HITPOINT WARNING * * *
Duvessa hits you with a short sword!
You die...

#....#..#....#..##..#
#....####....#####'########
#....# #....#...'.).......
#....# #....#...#.........
###### #....#.).#)........
#....#..##..###....
####....#####..#####'##
.......##..##..)......#
......e@..............'
......)#..............#
.......#...##.........#
.......##'###.........#
.......#...##'###..##.#
.......#...##.. ..# #
.......#....... ..#
.......##+###..# .#


You could see Duvessa (berserk).

Vanquished Creatures
  An orc warrior (D:4)
  An ice beast (D:2)
  2 ogres
  Dowan (D:4)
  A hound (D:4)
  An orc priest (D:4)
  Jessica (D:3)
  3 orc wizards (D:4)
  2 worker ants (D:4)
  A hound skeleton (D:2)
  9 gnolls
  8 adders
  An ooze (D:1)
  A worm (D:2)
  A dart slug (D:2)
  12 orcs
  5 bats
  15 goblins
  6 hobgoblins
  2 jackals (D:3)
  2 quokkas
  2 ball pythons
  2 frilled lizards
  7 kobolds
  6 rats
93 creatures vanquished.

Notes
Turn   | Place    | Note
-------+----------+-------------------------------------------
     0 | D:1      | Hebeh the Deep Elf Conjurer began the quest for the Orb.
     0 | D:1      | Reached XP level 1. HP: 10/10 MP: 6/6
   168 | D:1      | Reached XP level 2. HP: 15/15 MP: 3/8
   539 | D:1      | Reached XP level 3. HP: 19/19 MP: 8/10
   543 | D:1      | Learned a level 2 spell: Searing Ray
   575 | D:1      | Reached skill level 5 in Conjurations
  1026 | D:2      | Noticed an ogre
  1081 | D:2      | Killed an ogre
  1081 | D:2      | Reached skill level 5 in Spellcasting
  1081 | D:2      | Reached XP level 4. HP: 24/24 MP: 2/13
  1081 | D:2      | Reached XP level 5. HP: 28/28 MP: 2/15
  1179 | D:2      | Learned a level 4 spell: Iskenderun's Mystic Blast
  1184 | D:2      | Learned a level 4 spell: Force Lance
  1452 | D:2      | Noticed an ice beast
  1461 | D:2      | Killed an ice beast
  1988 | D:2      | Reached XP level 6. HP: 32/32 MP: 11/17
  3101 | D:3      | Noticed Jessica
  3104 | D:3      | Killed Jessica
  4279 | D:4      | Reached XP level 7. HP: 36/36 MP: 14/20
  4400 | D:4      | Got a slimy mace {crush}
  4665 | D:4      | Identified the +12 mace of Change {crush, Dex+3} (You took it off an orc wizard on level 4 of the Dungeon)
  5087 | D:4      | Noticed Duvessa
  5087 | D:4      | Noticed Dowan
  5090 | D:4      | Killed Dowan
  5093 | D:4      | Slain by Duvessa

Vault maps used:
D:1:      lemuel_arrival_river_ford, serial_glass, glass_columns_b,
          glass_columns_a
D:2:      roderic_lattice_a, grunt_ministairs_14, fountainhead
D:3:      first_ration, uniq_jessica
D:4:      uniq_duvessa

Skill      XL: |  1  2  3  4  5  6  7 |
---------------+----------------------+-----
Spellcasting   | 4 5 6 7 8 |  8.8
Conjurations   | 5 6 7 8 |  8.2
Dodging        | |  2.4
Stealth        | |  2.4

Action                   |  1- 3 |  4- 6 |  7- 9 || total
-------------------------+-------+-------+-------++-------
Melee: Unarmed           |    11 |       |       ||    11
       Whip              |       |     7 |       ||     7
       Mace              |       |       |     2 ||     2
 Cast: Magic Dart        |    56 |    96 |    23 ||   175
       Searing Ray       |     3 |     3 |       ||     6
       Iskenderun's Myst |       |    19 |    20 ||    39
  Use: Scroll            |     2 |     5 |     2 ||     9
  Eat: Chunk             |       |     7 |     2 ||     9
       Ration            |       |     2 |       ||     2
Armor: Robe              |     2 |     1 |     1 ||     4
Dodge: Dodged            |    12 |    17 |    14 ||    43

Table legend:
 A = Spawn XP
 B = Non-spawn XP
 C = Spawn XP percentage of total XP
 D = Spawn monster count
 E = Non-spawn monster count
 F = Spawn count percentage of total count
 G = Total turns spent on level
                    A         B        C        D         E        F      G
               +---------+---------+-------+---------+---------+-------+---------
         Total |       0 |    1281 |   0.0 |       0 |      93 |   0.0 |  5093
               +---------+---------+-------+---------+---------+-------+---------
           D:1 |       0 |      47 |   0.0 |       0 |      19 |   0.0 |   828
           D:2 |       0 |     364 |   0.0 |       0 |      27 |   0.0 |  1884
           D:3 |       0 |     227 |   0.0 |       0 |      27 |   0.0 |  1607
           D:4 |       0 |     643 |   0.0 |       0 |      20 |   0.0 |   774
               +---------+---------+-------+---------+---------+-------+---------
